Map: Mothership LE

Players

Brando

  • Race: Zerg Zerg
  • League: Platinum
  • Spawn Location: 9:00

VilugArZa - Winner!

  • Race: Zerg Zerg
  • League: Platinum
  • Spawn Location: 6:00

VOD

Have the link to the VOD?

Description

push de roach

Time

  • Played on: May 2, 2026, 1:12 a.m.
  • Length: 6:07
Show
View Real Time Build Order
Export as new Build Order

Brando Zerg 

Build Orders: Pool First, Swarm Host 

Get SALT Encoding   

  12  0:00  Drone  
  13  0:08  Drone  
  14  0:17  Overlord  
  14  0:30  Extractor  
  14  0:31  Extractor, Drone x2  
  16  0:36  Drone  
  17  0:44  Drone  
  18  0:54  Spawning Pool  
  17  1:11  Hatchery  
  17  1:14  Drone  
  17  1:23  Drone  
  18  1:28  Extractor  
  18  1:31  Drone  
  18  1:37  Extractor  
  18  1:39  Overlord  
  17  1:42  Queen  
  19  2:05  Zergling x2, Drone  
  21  2:14  Baneling Nest  
  21  2:15  Drone  
  21  2:22  Drone  
  22  2:29  Drone  
  23  2:36  Queen  
  25  2:39  Spine Crawler  
  25  2:43  Drone  
  25  2:54  Lair  
  25  2:57  Baneling  
  25  2:58  Baneling  
  25  3:01  Zergling x2  
  26  3:09  Drone x2  
  26  3:10  Zergling x2  
  29  3:13  Drone  
  30  3:38  Hatchery  
  29  3:44  Drone x4  
  29  3:45  Drone  
  34  3:50  Drone  
  34  3:51  Evolution Chamber  
  33  4:12  Infestation Pit  
  33  4:16  Extractor, Overlord x3  
  31  4:17  Extractor  
  31  4:20  Spine Crawler  
  29  4:33  Spine Crawler  
  28  4:45  Metabolic Boost  
  28  4:52  Swarm Host x2  
  31  4:59  Swarm Host  
  35  5:07  Swarm Host  
  24  5:34  Swarm Host  
Show
View Real Time Build Order
Export as new Build Order

VilugArZa Zerg - Winner!

Build Orders: Pool First 

Get SALT Encoding   

  12  0:00  Drone  
  13  0:08  Drone  
  14  0:17  Overlord  
  14  0:22  Extractor  
  14  0:23  Drone  
  15  0:35  Drone x2  
  17  0:47  Spawning Pool  
  16  0:50  Drone  
  16  0:55  Drone  
  18  1:05  Drone  
  19  1:15  Extractor  
  19  1:16  Drone  
  19  1:27  Overlord  
  19  1:37  Queen  
  19  1:38  Roach Warren  
  20  1:42  Drone  
  21  1:49  Drone  
  22  1:59  Overlord  
  22  2:13  Queen  
  24  2:18  Roach  
  24  2:20  Roach  
  28  2:31  Roach  
  30  2:42  Roach  
  32  2:47  Overlord  
  32  2:49  Roach x2  
  36  2:57  Roach  
  38  3:06  Roach  
  38  3:09  Queen  
  42  3:16  Roach  
  44  3:24  Roach  
  44  3:26  Overlord  
  46  3:39  Overlord  
  46  3:44  Roach  
  46  3:45  Roach  
  50  3:55  Overlord  
  50  3:56  Drone  
  50  3:58  Roach x2  
  55  4:08  Roach  
  57  4:18  Hatchery  
  58  4:24  Roach x2  
  60  4:35  Drone x3  
  63  4:47  Overlord  
  61  5:21  Drone x2  
  61  5:22  Drone  
  64  5:32  Hatchery  
  63  5:40  Drone x4  
  67  5:44  Overlord  
  67  5:48  Drone x3  
  70  5:50  Extractor  
  70  5:54  Extractor  
Tags
 
Add a new tag
Caveats
  • Supply blocks, unpowered buildings, or Contaminate may cause inaccurate times.
  • Supply counts are checked every 10 seconds.